 Dungeon Crawl Stone Soup version 0.29.1-15-g9cfb28693d (webtiles) character file.

Game seed: 480109073008517910

187 Groucho the Digger (level 5, 0/24 HPs)
             Began as a Spriggan Earth Elementalist on Mar 18, 2023.
             Slain by Grinder (10 damage)
             ... on level 3 of the Dungeon.
             The game lasted 00:07:28 (7071 turns).

Groucho the Digger (Spriggan Earth Elementalist)    Turns: 7071, Time: 00:07:29

Health: 0/24       AC:  2    Str:  6    XL:     5   Next: 39%
Magic:  5/12       EV: 18    Int: 17    God:
Gold:   190        SH:  0    Dex: 15    Spells: 9/12 levels left

rFire   . . .      SeeInvis +   i - +0 short sword
rCold   . . .      Faith    .   (no shield)
rNeg    . . .      Spirit   .   a - +0 robe
rPois   .          Reflect  .   (helmet restricted)
rElec   .          Harm     .   (no cloak)
rCorr   .          Rampage  .   (gloves unavailable)
Will    .....                   (boots unavailable)
Stlth   ++........              (no amulet)
HPRegen 0.08/turn               (no ring)
MPRegen 0.13/turn               (no ring)

@: very quick
A: very small, no large weapons, unfitting armour, see invisible, speed 3
a: no special abilities


You were on level 3 of the Dungeon.
You visited 1 branch of the dungeon, and saw 3 of its levels.

You collected 190 gold pieces.

Inventory:

Hand Weapons
 i - a +0 short sword (weapon)
Missiles
 k - 3 boomerangs
Armour
 a - a +0 robe (worn)
Scrolls
 g - 2 scrolls of identify {unknown}
 j - a scroll of fear {unknown}
 l - a scroll of torment {unknown}
 m - a scroll of fog {unknown}
Potions
 b - a potion of magic
 c - a potion of brilliance {unknown}
 d - 2 potions of lignification
 e - a potion of heal wounds {unknown}
 f - a potion of curing {unknown}
 h - a potion of ambrosia {unknown}


   Skills:
 + Level 3.9 Dodging
 - Level 3.0 Stealth
 + Level 4.0 Spellcasting
 + Level 2.1 Hexes
 - Level 1.3 Transmutations
 * Level 4.3 Earth Magic


You had 9 spell levels left.
You knew the following spells:

 Your Spells              Type           Power      Damage    Failure   Level
a - Sandblast             Erth           36%        2d10      2%          1
b - Ensorcelled Hibernat  Hex/Ice        14%        N/A       16%         2

Your spell library contained the following spells:

 Spells                   Type           Power      Damage    Failure   Level
 Passwall                 Tmut/Erth      10%        N/A       8%          2
 Stone Arrow              Conj/Erth      20%        3d8       21%         3
 Poisonous Vapours        Pois/Air       6%         N/A       24%         2
 Swiftness                Air            3%         N/A       43%         3
 Petrify                  Tmut/Erth      13%        N/A       45%         4
 Corpse Rot               Necr/Pois/Air  3%         N/A       83%         4


Dungeon Overview and Level Annotations

Branches:
Dungeon (3/15)

Altars:

Annotations:
D:3 Grinder


Innate Abilities, Weirdness & Mutations

You are very small and have problems with some larger weapons.
You are too small for most types of armour.
You have supernaturally acute eyesight. (SInv)
You cover ground extremely quickly. (Speed+++)


Message History

Aiming: Sandblast (safe; 2% risk of failure)
Press: ? - help, Shift-Dir - straight line, f/p - Grinder
Aim: Grinder (moderately wounded, 80% to hit)
The blast of sand hits Grinder.
Grinder is heavily wounded.
Grinder blinks!
Grinder gestures at you. You resist with some effort.
Casting: Sandblast (safe; 2% risk of failure)
Confirm with . or Enter, or press ? or * to list all spells.
Aiming: Sandblast (safe; 2% risk of failure)
Press: ? - help, Shift-Dir - straight line, f/p - Grinder
Aim: Grinder (heavily wounded, 80% to hit)
The blast of sand hits Grinder!
Grinder is severely wounded.
Unknown command.
Casting: Sandblast (safe; 2% risk of failure)
Confirm with . or Enter, or press ? or * to list all spells.
Aiming: Sandblast (safe; 2% risk of failure)
Press: ? - help, Shift-Dir - straight line, f/p - Grinder
Aim: Grinder (severely wounded, 80% to hit)
The blast of sand hits Grinder but does no damage.
Grinder is severely wounded.
Grinder blinks!
Casting: Sandblast (safe; 2% risk of failure)
Confirm with . or Enter, or press ? or * to list all spells.
Aiming: Sandblast (safe; 2% risk of failure)
Press: ? - help, Shift-Dir - straight line, f/p - Grinder
Aim: Grinder (severely wounded, 80% to hit)
The blast of sand hits Grinder!
Grinder is almost dead.
Casting: Sandblast (safe; 2% risk of failure)
Confirm with . or Enter, or press ? or * to list all spells.
Aiming: Sandblast (safe; 2% risk of failure)
Press: ? - help, Shift-Dir - straight line, f/p - Grinder
Aim: Grinder (almost dead, 80% to hit)
The blast of sand hits Grinder but does no damage.
Grinder is almost dead.
Grinder hits you!
You die...

.<.####.#
.....##.#
...#.##.#######
..............###
...##########...##
#.## #.#..## #.#
####..# #.# ♣5.♣
#'## ♣@.♣ ...##
♣..♣ ....## ♣..♣
.....## ### ♣♣§♣♣
....(.####.# ♣.♣♣
......'....# ♣♣.♣
......###### ♣.♣♣
.....## ♣.♣ ....##
♣.♣♣


You could see Grinder.

Vanquished Creatures
  A scorpion (D:2)
  4 adders
  2 worms (D:2)
  3 dart slugs
  3 orcs (D:3)
  3 ball pythons
  6 endoplasms
  3 giant cockroaches
  3 goblins
  8 hobgoblins
  12 jackals
  3 kobolds
  3 quokkas (D:1)
  6 bats
  A frilled lizard (D:3)
  10 rats
71 creatures vanquished.

Notes
Turn   | Place    | Note
-------+----------+-------------------------------------------
     0 | D:1      | Groucho the Spriggan Earth Elementalist began the quest for
                  | the Orb.
     0 | D:1      | Reached XP level 1. HP: 9/9 MP: 5/5
    12 | D:1      | Found a faded altar of an unknown god.
   385 | D:1      | Reached XP level 2. HP: 13/13 MP: 3/6
  1107 | D:1      | Learned a level 2 spell: Ensorcelled Hibernation
  1826 | D:1      | Reached XP level 3. HP: 16/16 MP: 2/8
  2848 | D:2      | Reached skill level 1 in Hexes
  3593 | D:2      | Reached XP level 4. HP: 21/21 MP: 5/10
  4070 | D:2      | Noticed a scorpion
  4122 | D:2      | Killed a scorpion
  4123 | D:2      | Reached XP level 5. HP: 9/24 MP: 3/11
  7050 | D:3      | Noticed Grinder
  7071 | D:3      | Slain by Grinder

Illustrated notes

Levels and vault maps discovered:
D:1:      elethiomel_arrival_quiet, layout_loops_cross, serial_glass,
          glass_columns_a, glass_columns_a, hellmonk_ecumenical_altar_run_dry
D:2:      layout_basic
D:3:      kb_forest_paths, layout_loops_corners, uniq_jessica, uniq_grinder

Skill      XL: |  1  2  3  4  5 |
---------------+----------------+-----
Earth Magic    | 3 4 |  4.3
Spellcasting   | 3 4 |  4.0
Dodging        | 3 |  3.9
Hexes          | 1 2 |  2.1
Stealth        | |  3.0
Transmutations | |  1.3

Action                   |  1- 3 |  4- 6 || total
-------------------------+-------+-------++-------
Melee: Short sword       |    13 |       ||    13
       Unarmed           |     3 |       ||     3
 Cast: Sandblast         |    76 |    60 ||   136
  Use: Potion            |     1 |       ||     1
Armor: Robe              |     4 |     2 ||     6
       Skin              |     3 |       ||     3
Dodge: Dodged            |    52 |    21 ||    73
